 Dungeon Crawl Stone Soup version 0.26-a0-818-g75db068ed4 (webtiles) character file.

Game seed: 13300334065291723940

349 iamoutofideas the Ruffian (level 6, 0/55 HPs)
             Began as a Troll Hunter on Nov 14, 2020.
             Killed by nerve-wracking pain
             ... invoked by an orc priest
              (10 damage)
             ... on level 2 of the Dungeon.
             The game lasted 00:01:25 (1454 turns).

iamoutofideas the Ruffian (Troll Hunter)            Turns: 1454, Time: 00:01:26

Health: 0/55       AC:  6    Str: 23    XL:     6   Next: 33%
Magic:  5/5        EV: 10    Int:  7    God:
Gold:   68         SH:  0    Dex: 10    Spells: 5/5 levels left

rFire    . . .     SeeInvis .     - Unarmed
rCold    . . .     Faith    .   (no shield)
rNeg     . . .     Spirit   .   b - +0 robe
rPois    .         Reflect  .   (helmet restricted)
rElec    .         Harm     .   (no cloak)
rCorr    +         Rampage  .   (gloves unavailable)
MR       .....                  (boots unavailable)
Stlth    +.........             (no amulet)
HPRegen  0.58/turn              p - ring of resist corrosion
MPRegen  0.09/turn              (no ring)

@: no status effects
A: large, unfitting armour, claws 3, regeneration 1, shaggy fur 1, tough skin 3
a: no special abilities


You were on level 2 of the Dungeon.
You visited 1 branch of the dungeon, and saw 2 of its levels.

You collected 68 gold pieces.

Inventory:

Missiles
 c - 5 large rocks (quivered)
 d - 2 throwing nets
 i - 31 stones
Armour
 b - a +0 robe (worn)
Jewellery
 p - a ring of resist corrosion (left claw)
Wands
 r - a wand of iceblast (9)
Scrolls
 a - 2 scrolls of teleportation {unknown}
 e - 2 scrolls of remove curse {unknown}
 g - a scroll of amnesia {unknown}
 h - a scroll of fear {unknown}
 j - a scroll of identify {unknown}
 k - a scroll of enchant armour {unknown}
 l - 2 scrolls of fog {unknown}
 q - a scroll of blinking {unknown}
Potions
 f - 3 potions of curing {unknown}
 m - 2 potions of mutation {unknown}
 n - a potion of resistance {unknown}
 o - 2 potions of might {unknown}


   Skills:
 - Level 1.5 Fighting
 - Level 3.6 Throwing
 - Level 1.5 Dodging
 - Level 0.3 Stealth
 + Level 6.4 Unarmed Combat


You had 5 spell levels left.
You didn't know any spells.
Your spell library was empty.

Dungeon Overview and Level Annotations

Branches:
Dungeon (2/15)

Altars:
Kikubaaqudgha
Makhleb


Innate Abilities, Weirdness & Mutations

You are too large for most types of armour.
You have claws for hands.
Your natural rate of healing is unusually fast.
You are covered in fur. (AC +1)
You have extremely tough skin. (AC +3)


Message History

The orc priest hits you but does no damage.
The orc hits you with a +0 club.
You scratch the orc priest.
The orc priest is lightly wounded.
The orc closely misses you. The orc priest closely misses you.
The orc closely misses you. The orc misses you.
The orc priest mumbles some strange prayers to Beogh against you.
You barely resist. The orc closely misses you. The orc barely misses you.
The orc priest invokes the aid of Beogh against you.
You barely resist.
The orc priest calls down the wrath of Beogh upon you.
Beogh smites you!
* * * LOW HITPOINT WARNING * * *
You mangle the orc!!
You kill the orc!
The orc priest calls down the wrath of Beogh upon you.
Pain shoots through your body!
You die...

.^..##...##.#
#..#
#######.###.#
#..# ........#
#.# #..#
#.#.##### #.#
#..# #.#.# #.#
#..# #.#.#
#.########..##
..#.#
#.##.....))..#
###.#####
#.########o###
........#
#.....@)..o..#
##......#
##############
#......#
#......#
#......#
#......#
#......#
#......#
#......#


You could see an orc priest and an orc.

Vanquished Creatures
  Sigmund (D:2)
  A crimson imp (D:2)
  Natasha (twice) (D:2)
  2 orc wizards (D:2)
  Robin (D:2)
  An adder (D:2)
  A dart slug (D:1)
  2 leopard geckos (D:2)
  An orc (D:2)
  2 giant cockroaches
  6 goblins
  9 hobgoblins
  A ball python (D:1)
  4 bats
  A frilled lizard (D:1)
  4 kobolds
  4 rats
43 creatures vanquished.

Notes
Turn   | Place    | Note
-------+----------+-------------------------------------------
     0 | D:1      | iamoutofideas the Troll Hunter began the quest for the Orb.
     0 | D:1      | Reached XP level 1. HP: 19/19 MP: 0/0
    42 | D:1      | Reached skill level 1 in Unarmed Combat
   218 | D:1      | Reached XP level 2. HP: 27/27 MP: 1/1
   286 | D:1      | Reached skill level 2 in Unarmed Combat
   672 | D:2      | Noticed Robin
   675 | D:2      | Reached XP level 3. HP: 30/33 MP: 2/2
   691 | D:2      | Killed Robin
   692 | D:2      | Reached skill level 3 in Unarmed Combat
   707 | D:2      | Found an ancient bone altar of Kikubaaqudgha.
   790 | D:2      | Noticed Natasha
   798 | D:2      | Killed Natasha
   799 | D:2      | Reached XP level 4. HP: 41/41 MP: 3/3
   877 | D:2      | Noticed Sigmund
   883 | D:2      | Killed Sigmund
   884 | D:2      | Reached skill level 5 in Unarmed Combat
   884 | D:2      | Reached XP level 5. HP: 34/48 MP: 4/4
   982 | D:2      | Found a burning altar of Makhleb.
   993 | D:2      | Reached XP level 6. HP: 53/55 MP: 5/5
  1364 | D:2      | Noticed Natasha
  1374 | D:2      | Killed Natasha
  1375 | D:2      | Reached skill level 6 in Unarmed Combat
  1454 | D:2      | Killed from afar by an orc priest

Illustrated notes

Levels and vault maps discovered:
D:1:      sevenhm_arrival_forest_fort_small_6, layout_rooms
D:2:      layout_basic, makhleb_grotto_becter, kiku_gazebo_pond_becter,
          uniq_natasha, uniq_sigmund, uniq_robin

Skill      XL: |  1  2  3  4  5  6 |
---------------+-------------------+-----
Unarmed Combat | 1 2 3 5 6 |  6.4
Fighting       | |  1.5
Throwing       | |  3.6
Dodging        | |  1.5
Stealth        | |  0.3

Action                   |  1- 3 |  4- 6 || total
-------------------------+-------+-------++-------
Melee: Unarmed           |    80 |    37 ||   117
       Punch             |     2 |     1 ||     3
Armor: Robe              |    34 |     9 ||    43
Dodge: Dodged            |    40 |    25 ||    65

Table legend: (Time is in decaauts)
 A = Elapsed time spent in this place.
 B = Non-inter-level travel time spent in this place.
 C = Inter-level travel time spent in this place.
 D = Time resting spent in this place.
 E = Time spent auto-exploring this place.
 F = Levels seen in this place.
 G = Mean time per level.
                   A        B        C        D        E       F      G
               +--------+--------+--------+--------+--------+-----+--------+
         Total |   1447 |   1427 |     20 |      0 |   1166 |   2 |  723.5 |
       Dungeon |   1447 |   1427 |     20 |      0 |   1166 |   2 |  723.5 |
               +--------+--------+--------+--------+--------+-----+--------+

Top non-repeatable levels by time:
     D:2: 940 daAuts
     D:1: 507 daAuts
